 Dungeon Crawl Stone Soup version 0.30-a0-4-ga7cffc901d (webtiles) character file.

Game seed: 16399768082279292605

28 Spectrina the Magician (level 3, 0/39 HPs)
             Began as a Djinni Venom Mage on Aug 21, 2022.
             Slain by a goblin
             ... wielding a +2 dagger of flaming
              (1 damage)
             ... on level 2 of the Dungeon.
             The game lasted 00:03:23 (490 turns).

Spectrina the Magician (Djinni Venom Mage)           Turns: 490, Time: 00:03:24

Health: 0/39       AC: 21    Str:  7    XL:     3   Next: 30%
Gold:   43         EV:  2    Int: 18    God:
                   SH:  0    Dex: 13

rFire   + . .      SeeInvis .    g - +1 short sword (venom)
rCold   . . .      Faith    .    (no shield)
rNeg    . . .      Spirit   .    (body armour currently unavailable)
rPois   ∞          Reflect  .    (helmet currently unavailable)
rElec   .          Harm     .    (cloak currently unavailable)
rCorr   .          Rampage  .    (gloves currently unavailable)
Will    .....      NoTele   +    (boots unavailable)
Stlth   ++........               (no amulet)
HPRegen 0.13/turn                h - ring of protection from fire
MPRegen 0.00/turn                (no ring)

@: tree-form
A: stationary, stasis, torment immunity, boosted hp, sickness immunity, (fire
resistance 2), (cold vulnerability 1), float, innate caster, HP casting, extra
vitality 1
a: no special abilities


You were on level 2 of the Dungeon.
You were a tree.
You visited 1 branch of the dungeon, and saw 3 of its levels.

You collected 43 gold pieces.

Inventory:

Hand Weapons
 g - a +1 short sword of venom (weapon)
Armour
 a - a +0 robe (melded)
Jewellery
 h - a ring of protection from fire (left branch)
Scrolls
 d - a scroll of blinking {unknown}
 i - a scroll of enchant weapon {unknown}
 j - a scroll of identify {unknown}
Potions
 b - a potion of curing {unknown}
 c - 2 potions of lignification
 e - a potion of attraction {unknown}
 f - 2 potions of mutation {unknown}


   Skills:
 + Level 0.8 Fighting
 + Level 2.5 Dodging
 + Level 1.9 Stealth
 * Level 2.7 Spellcasting
 + Level 0.7 Invocations


You couldn't memorise any spells.
You knew the following spells:

 Your Spells              Type           Power      Damage    Failure   Level
a - Sting                 Tmut/Pois      48%        1d5       5%          1
b - Freeze                Ice            48%        1d7       5%          1
c - Mephitic Cloud        Conj/Pois/Air  12%        N/A       16%         3
d - Olgreb's Toxic Radia  Pois           12%        N/A       47%         4
q - Poisonous Vapours     Pois/Air       24%        N/A       9%          2
Your spell library was empty.

Dungeon Overview and Level Annotations

Branches:
Dungeon (3/15)

Altars:


Innate Abilities, Weirdness & Mutations

You are a tree.
Your roots penetrate the ground, keeping you stationary.
You cannot be teleported.
You are immune to unholy pain and torment.
Your maximum health is greatly increased.
Your equipment is partially melded.
You are immune to sickness and miasma.
You are immune to poison.
((Your flesh is very heat resistant. (rF++)))
((You are vulnerable to cold. (rC-)))
You float through the air rather than walking.
You learn spells naturally, not from books.
Your magical power is your life essence.
You have superior vitality. (+4 MHP)


Message History

The adder is moderately wounded.
* * * LOW HITPOINT WARNING * * *
Unknown command.
Okay, then.
You barely miss the adder.
The adder is moderately wounded.
The adder closely misses you. x2
You miss the adder.
The adder is heavily wounded.
The adder bites you but does no damage.
You hit the adder but do no damage.
The adder is heavily wounded.
The adder barely misses you. The adder closely misses you.
You barely miss the adder.
The adder is severely wounded.
The adder bites you.
* * * LOW HITPOINT WARNING * * *
You hit the adder.
The adder looks as sick as possible!
The adder is almost dead.
You kill the adder!
You have reached level 3!
Your experience leads to an increase in your attributes!
Increase (S)trength, (I)ntelligence, or (D)exterity?
You feel clever. x2
The power to cast Freeze wells up from within.
Spell assigned to 'b'.
Casting: Sting (safe; 5% risk of failure)
Confirm with . or Enter, or press ? or * to list all spells.
Aiming: Freeze (safe; 5% risk of failure)
Press: ? - help, Shift-Dir - straight line, f - goblin
Aim: a goblin, wielding a +2 dagger of flaming You freeze the goblin.
The goblin is moderately wounded.
* * * LOW HITPOINT WARNING * * *
The goblin hits you with a +2 dagger of flaming.
* * * LOW HITPOINT WARNING * * *
It was a potion of lignification.
You turn into a tree.
Your +0 robe melds into your body.
Your roots penetrate the ground.
The goblin hits you with a +2 dagger of flaming.
You die...

+.. .. #.# ... #.#
.... ##.##...##
#.).......
#.........
####.........
##.g.)........
#.♣####.......
###.## ....... ###
#####...### .......
..# #.........#
.:..... ..#
#.........# )......
..# ###.........#
#### ..#
#.'.).#.....#
..#####.#...#.....#
.###....#...#.....#


You could see a goblin.

Vanquished Creatures
  An adder (D:2)
  An orc (D:2)
  An endoplasm (D:2)
  A giant cockroach (D:1)
  2 goblins (D:1)
  A hobgoblin (D:1)
  A quokka (D:1)
  3 ball pythons
  2 frilled lizards (D:1)
  2 kobolds (D:2)
  4 rats
19 creatures vanquished.

Notes
Turn   | Place    | Note
-------+----------+-------------------------------------------
     0 | D:1      | Spectrina the Djinni Venom Mage began the quest for the
                  | Orb.
     0 | D:1      | Spectrina set off with the following spells memorised:
                  | Sting, Poisonous Vapours, Mephitic Cloud, Olgreb's Toxic
                  | Radiance.
     0 | D:1      | Reached XP level 1. HP: 15/15 MP: 0/0
   128 | D:1      | Reached XP level 2. HP: 4/21 MP: 0/0
   489 | D:2      | Reached XP level 3. HP: 4/26 MP: 0/0
   489 | D:2      | Learned a level 1 spell: Freeze
   489 | D:2      | HP: 1/26 [goblin/+2 dagger of flaming (2)]
   490 | D:2      | Slain by a goblin

Illustrated notes

Levels and vault maps discovered:
D:1:      scummos_arrival_simple_crosswalls, layout_loops_ring,
          shapermc_ecumenical_altar_mp_urbaneastern
D:2:      layout_basic, chequers_garden
D:3:      layout_basic, bloody_makhleb, uniq_sigmund, uniq_natasha

Action                   || total
-------------------------++-------
Melee: Short sword       ||    11
 Cast: Sting             ||    30
       Freeze            ||     1
  Use: Potion            ||     1
Armor: Robe              ||     2
Dodge: Dodged            ||    13

Table legend: (Time is in decaauts)
 A = Elapsed time spent in this place.
 B = Non-inter-level travel time spent in this place.
 C = Inter-level travel time spent in this place.
 D = Time resting spent in this place.
 E = Time spent auto-exploring this place.
 F = Levels seen in this place.
 G = Mean time per level.
                   A        B        C        D        E       F      G
               +--------+--------+--------+--------+--------+-----+--------+
         Total |    489 |    489 |      0 |      0 |      0 |   3 |  163.0 |
       Dungeon |    489 |    489 |      0 |      0 |      0 |   3 |  163.0 |
               +--------+--------+--------+--------+--------+-----+--------+

Top non-repeatable levels by time:
     D:1: 303 daAuts
     D:2: 184 daAuts
     D:3: 1 daAuts
